 Dungeon Crawl Stone Soup version 0.26-a0-712-ga5a9c9c9d0 (webtiles) character file.

Game seed: 1954216818954173019

1316 mattiecakes the Skirmisher (level 8, -2/65 HPs)
             Began as a Barachi Fighter on Nov 1, 2020.
             Was a Follower of Okawaru.
             Slain by an ogre
             ... wielding a +0 giant spiked club
              (15 damage)
             ... on level 6 of the Dungeon.
             The game lasted 00:08:10 (6016 turns).

mattiecakes the Skirmisher (Barachi Fighter)        Turns: 6016, Time: 00:08:11

Health: -2/65      AC: 16    Str: 19    XL:     8   Next: 59%
Magic:  8/8        EV:  5    Int:  9    God:    Okawaru [*.....]
Gold:   459        SH: 10    Dex: 12    Spells: 7/7 levels left

rFire    . . .     SeeInvis .   a - +1 war axe
rCold    . . .     Faith    .   c - +0 kite shield
rNeg     . . .     Spirit   .   j - +1 plate armour
rPois    .         Reflect  .   (no helmet)
rElec    .         Harm     .   (no cloak)
rCorr    .         Rampage  .   o - +1 pair of gloves
MR       .....                  (no boots)
Stlth    ..........             (no amulet)
HPRegen  0.20/turn              (no ring)
MPRegen  0.11/turn              (no ring)

@: lightly drained, slow
A: +LOS, swims, slowness 1, strong legs 1
a: Hop, Heroism, Renounce Religion


You were on level 6 of the Dungeon.
You worshipped Okawaru.
Okawaru was aware of your devotion.
You visited 2 branches of the dungeon, and saw 7 of its levels.

You collected 459 gold pieces.

Inventory:

Hand Weapons
 a - a +1 war axe (weapon)
 m - a +2 mace of freezing
Armour
 c - a +0 kite shield (worn)
 j - a +1 plate armour (worn)
 o - a +1 pair of gloves (worn)
Wands
 i - a wand of paralysis (7)
Scrolls
 b - a scroll of fog
 e - a scroll of enchant armour
 f - 4 scrolls of identify
 h - 5 scrolls of remove curse
 k - 5 scrolls of amnesia
 p - 2 scrolls of teleportation
Potions
 d - a potion of might
 g - a potion of invisibility
 l - 2 potions of brilliance
 n - a potion of berserk rage
 q - 3 potions of heal wounds
 r - a potion of stabbing
 s - 3 potions of flight
 t - a potion of resistance


   Skills:
 + Level 6.4(6.1) Fighting
 + Level 5.8(5.6) Axes
 + Level 6.3(6.1) Armour
 + Level 4.6(4.4) Dodging
 + Level 5.8(5.6) Shields


You had 7 spell levels left.
You didn't know any spells.
Your spell library was empty.

Dungeon Overview and Level Annotations

Branches:
Dungeon (6/15)             Temple (1/1) D:5

Altars:
Ashenzari
Cheibriados
Dithmenos
Elyvilon
Fedhas
Gozag
Hepliaklqana
Kikubaaqudgha
Makhleb
Okawaru
Qazlal
Ru
Sif Muna
Uskayaw
Vehumet
Wu Jian
Xom
Yredelemnul
Zin
The Shining One

Shops:
D:6 (

Annotations:
D:6 1 runed translucent door, Crazy Yiuf


Innate Abilities, Weirdness & Mutations

You can be seen from farther away. (+LOS)
You can swim through water.
You cover ground slowly.
You can hop short distances.


Message History

The ogre barely misses you.
The ogre hits you with a +0 giant spiked club.
You slash the ogre!
The ogre is severely wounded.
Your plate armour prevents you from hitting the ogre.
The ogre is severely wounded.
You block the ogre's attack.
You completely miss the ogre.
The ogre is severely wounded.
The ogre hits you with a +0 giant spiked club.
You closely miss the ogre.
The ogre is severely wounded.
The ogre hits you with a +0 giant spiked club!!
* * * LOW HITPOINT WARNING * * *
You are too injured to fight recklessly!
You are too injured to fight recklessly!
You hit the ogre.
The ogre is severely wounded.
The ogre hits you with a +0 giant spiked club!
You die...

## #..#
#.................. ....#
#..........[....... ....#
#.......(..........
####..##..................
#....................##
....####.............#. .#
#(........... #
#(##...#..#. #@###......
#.O.#.:... ###.# ....
....... #...##. .....
....... ....?. ......


You could see an ogre.

Vanquished Creatures
  Menkaure (D:6)
  An ogre (D:5)
  A centaur (D:6)
  A bullfrog (D:6)
  2 scorpions
  A wyvern skeleton (D:3)
  A water moccasin skeleton (D:5)
  5 wights (D:6)
  A jelly (D:5)
  A hound (D:6)
  A gnoll shaman (D:6)
  An orc wizard (D:4)
  An iguana (D:5)
  8 worker ants
  A hound skeleton (D:5)
  7 gnolls (D:6)
  5 adders
  An ooze (D:4)
  2 worms
  A dart slug (D:2)
  7 leopard geckos
  9 orcs
  6 giant cockroaches
  10 goblins
  6 hobgoblins
  3 quokkas
  A ball python (D:2)
  4 bats
  4 frilled lizards
  11 kobolds
  2 leopard gecko skeletons
  A quokka skeleton (D:4)
  6 rats
113 creatures vanquished.

Notes
Turn   | Place    | Note
-------+----------+-------------------------------------------
     0 | D:1      | mattiecakes the Barachi Fighter began the quest for the
                  | Orb.
     0 | D:1      | Reached XP level 1. HP: 18/18 MP: 1/1
   145 | D:1      | Reached XP level 2. HP: 14/24 MP: 2/2
   517 | D:1      | Reached XP level 3. HP: 26/30 MP: 3/3
   899 | D:2      | HP: 1/30 [adder (3)]
   907 | D:2      | Reached skill level 1 in Dodging
  1051 | D:2      | Reached XP level 4. HP: 19/37 MP: 4/4
  1763 | D:2      | You fall into a shaft and drop 2 floors!
  1936 | D:4      | Reached XP level 5. HP: 20/42 MP: 5/5
  2356 | D:4      | Found an opulent altar of Gozag.
  2641 | D:3      | Found a glowing golden altar of the Shining One.
  2789 | D:3      | Reached XP level 6. HP: 49/49 MP: 6/6
  3980 | D:4      | Found a shadowy altar of Dithmenos.
  4142 | D:5      | Entered Level 5 of the Dungeon
  4174 | D:5      | Reached skill level 5 in Fighting
  4174 | D:5      | Reached skill level 5 in Armour
  4272 | D:5      | Reached XP level 7. HP: 46/56 MP: 7/7
  4431 | D:5      | Found a staircase to the Ecumenical Temple.
  4487 | Temple   | Entered the Ecumenical Temple
  4541 | Temple   | Became a worshipper of Warmaster Okawaru
  5036 | D:5      | Found a glowing silver altar of Zin.
  5212 | D:6      | Noticed Menkaure
  5225 | D:6      | Killed Menkaure
  5225 | D:6      | Reached skill level 5 in Axes
  5225 | D:6      | Reached skill level 5 in Shields
  5443 | D:6      | Reached XP level 8. HP: 64/64 MP: 8/8
  5711 | D:6      | Found a runed translucent door.
  5712 | D:6      | Noticed Crazy Yiuf
  5728 | D:6      | Found an opulent altar of Gozag.
  5764 | D:6      | Found Citubuit's Antique Weapon Emporium.
  5769 | D:6      | Reached * piety under Okawaru
  6016 | D:6      | Slain by an ogre

Illustrated notes

Levels and vault maps discovered:
D:1:      matt_arrival_grand_opening, layout_loops_ring
D:2:      layout_basic
D:3:      layout_loops_ring, tso_metal_star, hangedman_decor_lopped,
          kennysheep_generic_room_4
D:4:      layout_loops_ring, kennysheep_mini_moat, grunt_gozag_breadcrumbs
D:5:      layout_cave_pools, zin_treasury, temple_doors_e,
          kennysheep_generic_room_15
D:6:      layout_rooms, nemelex_altar_shiori, old_standard_altar, serial_shops,
          shop, kennysheep_generic_room_14, uniq_menkaure,
          uniq_crazy_yiuf_cottage
Temple:   nicolae_temple_x_marks_the_god

Skill      XL: |  1  2  3  4  5  6  7  8 |
---------------+-------------------------+-----
Axes           | 3 4 5 |  5.8
Dodging        | 1 2 3 4 |  4.6
Fighting       | 4 5 6 |  6.4
Armour         | 4 5 6 |  6.3
Shields        | 4 5 |  5.8

Action                   |  1- 3 |  4- 6 |  7- 9 || total
-------------------------+-------+-------+-------++-------
Melee: War axe           |   106 |   233 |   164 ||   503
  Use: Potion            |     4 |       |     1 ||     5
       Scroll            |       |    11 |     4 ||    15
Armor: Scale mail        |    18 |       |       ||    18
       Plate armour      |    42 |   165 |   134 ||   341
Dodge: Dodged            |    17 |    34 |    52 ||   103
Block: Kite shield       |    59 |   136 |   104 ||   299

Table legend: (Time is in decaauts)
 A = Elapsed time spent in this place.
 B = Non-inter-level travel time spent in this place.
 C = Inter-level travel time spent in this place.
 D = Time resting spent in this place.
 E = Time spent auto-exploring this place.
 F = Levels seen in this place.
 G = Mean time per level.
                   A        B        C        D        E       F      G
               +--------+--------+--------+--------+--------+-----+--------+
         Total |   6789 |   6533 |    256 |   1485 |   3928 |   7 |  969.9 |
       Dungeon |   6714 |   6468 |    246 |   1485 |   3868 |   6 | 1119.0 |
        Temple |     74 |     65 |      9 |      0 |     60 |   1 |   74.0 |
               +--------+--------+--------+--------+--------+-----+--------+

Top non-repeatable levels by time:
     D:4: 1543 daAuts
     D:5: 1225 daAuts
     D:2: 1169 daAuts
     D:3: 1023 daAuts
     D:1: 968 daAuts
     D:6: 784 daAuts
  Temple: 74 daAuts
